 Dungeon Crawl Stone Soup version 0.21-a0-278-ga722497 (webtiles) character file.

940 tilp the Firebug (level 8, -9/57 HPs)
             Began as a Hill Orc Fire Elementalist on Sept 20, 2017.
             Was an Initiate of Okawaru.
             Mangled by Duvessa
             ... wielding a +0 short sword
              (14 damage)
             ... on level 6 of the Dungeon.
             The game lasted 00:19:56 (6555 turns).

tilp the Firebug (Hill Orc Fire Elementalist)       Turns: 6555, Time: 00:19:57

Health: -9/57      AC:  3    Str: 17    XL:     8   Next: 12%
Magic:  1/13       EV: 12    Int: 22    God:    Okawaru [......]
Gold:   238        SH:  0    Dex: 11    Spells: 4/14 levels left

rFire    . . .     SeeInvis .   a - +1 dagger (elec)
rCold    . . .     Gourm    .   (no shield)
rNeg     + . .     Faith    .   K - +0 robe
rPois    .         Spirit   .   (no helmet)
rElec    .         Reflect  .   (no cloak)
rCorr    .         Harm     .   (no gloves)
MR       .....                  g - +0 pair of boots
Stlth    ++........             (no amulet)
HPRegen  0.19/turn              D - ring of positive energy
MPRegen  0.13/turn              F - +6 ring of strength

@: brilliant, very slightly contaminated, invisible
A: no striking features
a: Renounce Religion


You were on level 6 of the Dungeon.
You worshipped Okawaru.
Okawaru was noncommittal.
You were not hungry.

You visited 1 branch of the dungeon, and saw 6 of its levels.

You collected 298 gold pieces.
You spent 60 gold pieces at shops.

Inventory:

Hand Weapons
 a - a +1 dagger of electrocution (weapon)
 b - a +0 hunting sling
 i - a +3 morningstar
 J - a +4 dire flail
Missiles
 l - 56 sling bullets
 s - 130 stones (quivered)
Armour
 g - a +0 pair of boots (worn)
 K - a +0 robe (worn)
Jewellery
 D - a ring of positive energy (left hand)
 F - a +6 ring of strength (right hand)
Wands
 B - a wand of polymorph (15/24)
 C - a wand of scattershot (5/9)
 H - a wand of enslavement (16/24)
Scrolls
 d - a scroll of blinking {unknown}
 e - 3 scrolls of identify
 f - 6 scrolls of amnesia
 j - a scroll of noise {unknown}
 k - 4 scrolls of teleportation
 n - a scroll of magic mapping {unknown}
 p - 3 scrolls of remove curse
 q - a scroll of enchant armour {unknown}
 y - 3 scrolls of immolation {unknown}
Potions
 h - a potion of mutation {unknown}
 m - a potion of haste {unknown}
 o - 3 potions of invisibility
 r - 4 potions of brilliance
 t - 3 potions of curing {unknown}
 w - 4 potions of flight {unknown}
 x - 2 potions of degeneration {unknown}
 z - a potion of resistance {unknown}
 A - a potion of agility {unknown}
 G - a potion of heal wounds {unknown}
Books
 u - a book of Flames

   Spells                             Type                      Level
   a - Flame Tongue                   Conjuration/Fire             1
   b - Throw Flame                    Conjuration/Fire             2
   c - Conjure Flame                  Conjuration/Fire             3
   d - Inner Flame                    Hexes/Fire                   3
   e - Sticky Flame                   Conjuration/Fire             4
   f - Fireball                       Conjuration/Fire             5
Comestibles
 c - 6 bread rations
 v - 4 fruits
 E - a chunk of flesh


   Skills:
 - Level 1.5 Dodging
 - Level 1.5 Stealth
 + Level 3.8 Spellcasting
 + Level 6.0 Conjurations
 + Level 6.2 Fire Magic


You had 4 spell levels left.
You knew the following spells:

 Your Spells              Type           Power        Failure   Level  Hunger
a - Flame Tongue          Conj/Fire      #####        1%          1    None
b - Throw Flame           Conj/Fire      #####.       1%          2    #......
c - Conjure Flame         Conj/Fire      #####...     1%          3    ###....
d - Sticky Flame          Conj/Fire      #####...     1%          4    ####...


Dungeon Overview and Level Annotations

Branches:
Dungeon (6/15)
 Temple: D:4-7

Altars:
Kikubaaqudgha
Okawaru
Sif Muna
Wu Jian
Zin

Shops:
D:5 }?[?*

Annotations:
D:3 exclusion: gnoll, p0werm0de's ghost, amateur GrCK
D:4 Robin
D:5 exclusion: centaur
D:6 1 runed door, Duvessa; Grinder


Message History

Duvessa is heavily wounded.
Duvessa burns!
Duvessa stops burning.
Duvessa closely misses you. Duvessa hits you with a short sword.
Casting: Sticky Flame
Confirm with . or Enter, or press ? or * to list all spells.
Aiming: Sticky Flame
Press: ? - help, Shift-Dir - straight line, f/p - Duvessa
Aim: Duvessa, wielding a short sword and wearing a scale mail (heavily wounded, berserk, fast, unusually strong)
You miscast Sticky Flame.
Wisps of smoke drift from your hands. Duvessa hits you with a short sword!
* * * LOW HITPOINT WARNING * * *
It was a potion of brilliance.
You feel clever all of a sudden. Duvessa hits you with a short sword!
* * * LOW HITPOINT WARNING * * *
Duvessa hits you but does no damage.
It was a potion of invisibility.
You fade into invisibility!
Duvessa hits you with a short sword!
You die...

######## #...### ##..#
#......#######.....# +.###
###.####.............# ###
#...####..#####.######
#......#..#####.#
##...##.......##.#
.....####..##<##.# #####
...#.......##.##.# #...#
##.#######...[.e@# #...# ##.#
####.#### #...# ##.# #######.###
#...# ##.####.....[...# #...#
##......##.....e########...######
........##[##.............>......
###........##.#..................
# #.....#####....................
# #.....#####.#.#######.....#####


You could see Duvessa (berserk).

Vanquished Creatures
  An ogre (D:4)
  A bullfrog (D:6)
  Dowan (D:6)
  A water moccasin skeleton (D:6)
  3 wights (D:6)
  A howler monkey (D:4)
  A hound (D:4)
  A gnoll shaman (D:4)
  4 orc priests
  2 orc wizards
  Ijyb (D:4)
  3 worker ants (D:4)
  3 gnolls (D:4)
  6 adders
  2 adder skeletons
  4 worms
  A dart slug (D:5)
  5 leopard geckos
  4 orcs
  10 bats
  5 giant cockroaches
  18 goblins
  11 hobgoblins
  3 jackals (D:4)
  9 kobolds
  5 quokkas
  2 ball pythons
  6 frilled lizards
  A jackal skeleton (D:5)
  A leopard gecko zombie (D:5)
  7 rats
123 creatures vanquished.

Notes
Turn   | Place    | Note
-------+----------+-------------------------------------------
     0 | D:1      | tilp the Hill Orc Fire Elementalist began the quest for the Orb.
     0 | D:1      | Reached XP level 1. HP: 14/14 MP: 3/3
   317 | D:1      | Reached XP level 2. HP: 20/20 MP: 2/4
   778 | D:1      | Reached XP level 3. HP: 26/26 MP: 5/5
   782 | D:1      | Learned a level 2 spell: Throw Flame
  1198 | D:2      | Learned a level 3 spell: Conjure Flame
  1275 | D:2      | Found a glowing silver altar of Zin.
  1469 | D:2      | Found an ornate altar of the Wu Jian Council.
  1538 | D:2      | Reached XP level 4. HP: 33/33 MP: 7/7
  1770 | D:2      | Reached XP level 5. HP: 22/38 MP: 2/8
  2756 | D:3      | Noticed p0werm0de's ghost (amateur GrCK)
  2895 | D:4      | Found an ancient bone altar of Kikubaaqudgha.
  3045 | D:4      | Reached XP level 6. HP: 45/45 MP: 0/9
  3374 | D:4      | Noticed Robin
  3405 | D:4      | Reached skill level 5 in Fire Magic
  3895 | D:4      | Reached XP level 7. HP: 20/50 MP: 8/11
  4082 | D:4      | Learned a level 4 spell: Sticky Flame
  4197 | D:4      | Noticed Ijyb
  4207 | D:4      | Killed Ijyb
  4386 | D:4      | Reached skill level 5 in Conjurations
  5106 | D:5      | Entered Level 5 of the Dungeon
  5123 | D:5      | Found Ubyelul's Armour Shop.
  5215 | D:5      | Found Tounoodo's Magic Scroll Shoppe.
  5217 | D:5      | Found Duryot's Gadget Shoppe.
  5223 | D:5      | Bought a scroll of identify for 24 gold pieces
  5223 | D:5      | Bought a scroll of teleportation for 36 gold pieces
  5333 | D:5      | Found Kulock's Magic Scroll Boutique.
  5348 | D:5      | Found Muagien's Assorted Antiques.
  5998 | D:6      | Found a runed door.
  6213 | D:6      | Noticed Duvessa
  6213 | D:6      | Noticed Dowan
  6239 | D:6      | Killed Dowan
  6239 | D:6      | Reached XP level 8. HP: 57/57 MP: 1/13
  6410 | D:6      | Found a deep blue altar of Sif Muna.
  6410 | D:6      | Found an iron altar of Okawaru.
  6413 | D:6      | Became a worshipper of Warmaster Okawaru
  6516 | D:6      | Noticed Grinder
  6555 | D:6      | Mangled by Duvessa

Vault maps used:
D:1:      lightli_arrival_statuegarden
D:2:      lemuel_round_altar, nicolae_overflow_crystal_walls
D:4:      kennysheep_goblin_castle, lemuel_coloured_pillars_altar,
          serial_park_tiny_1, hangedman_abyss_or_decor_lesser_grid, uniq_robin
D:5:      serial_shops, shop, shop, nicolae_shop_crystal, shop,
          nicolae_shop_temple_entry_statues_fountains, first_bread
D:6:      gammafunk_temple_overflow_elements, minmay_temple_entry_fiery,
          uniq_duvessa, uniq_crazy_yiuf_cottage, uniq_grinder

Skill      XL: |  1  2  3  4  5  6  7  8 |
---------------+-------------------------+-----
Spellcasting   | 2 3 |  3.8
Conjurations   | 2 3 4 5 6 |  6.0
Fire Magic     | 4 5 6 |  6.2
Dodging        | |  1.5
Stealth        | |  1.5

Action                   |  1- 3 |  4- 6 |  7- 9 || total
-------------------------+-------+-------+-------++-------
Melee: Dagger            |    92 |   122 |   103 ||   317
       Unarmed           |     1 |       |       ||     1
 Fire: Hunting sling     |     2 |     3 |       ||     5
 Cast: Flame Tongue      |    29 |    43 |    41 ||   113
       Throw Flame       |       |     3 |     2 ||     5
       Conjure Flame     |       |     4 |     9 ||    13
       Sticky Flame      |       |       |     6 ||     6
  Use: Scroll            |       |       |     3 ||     3
       Potion            |       |       |     2 ||     2
 Stab: Sleeping          |     4 |     2 |       ||     6
  Eat: Chunk             |     3 |     4 |    10 ||    17
       Meat ration       |       |     1 |       ||     1
Armor: Robe              |    24 |    28 |    15 ||    67
Dodge: Dodged            |    57 |    86 |    66 ||   209

Table legend:
 A = Spawn XP
 B = Non-spawn XP
 C = Spawn XP percentage of total XP
 D = Spawn monster count
 E = Non-spawn monster count
 F = Spawn count percentage of total count
 G = Total turns spent on level
                    A         B        C        D         E        F      G
               +---------+---------+-------+---------+---------+-------+---------
         Total |       0 |    1343 |   0.0 |       0 |     123 |   0.0 |  6555
               +---------+---------+-------+---------+---------+-------+---------
           D:1 |       0 |      44 |   0.0 |       0 |      28 |   0.0 |  1089
           D:2 |       0 |     181 |   0.0 |       0 |      23 |   0.0 |  1322
           D:3 |       0 |      47 |   0.0 |       0 |      17 |   0.0 |   693
           D:4 |       0 |     496 |   0.0 |       0 |      33 |   0.0 |  2002
           D:5 |       0 |     142 |   0.0 |       0 |      11 |   0.0 |   655
           D:6 |       0 |     433 |   0.0 |       0 |      11 |   0.0 |   794
               +---------+---------+-------+---------+---------+-------+---------
